 Dungeon Crawl Stone Soup version 0.29.1-12-g30fa7ad0bf (webtiles) character file.

Game seed: 8942415539316004895

33 Gabide the Trooper (level 3, -1/30 HPs)
             Began as a Formicid Berserker on Dec 17, 2022.
             Was a Follower of Trog.
             Slain by an adder (3 damage)
             ... on level 2 of the Dungeon.
             The game lasted 00:01:24 (1387 turns).

Gabide the Trooper (Formicid Berserker)             Turns: 1387, Time: 00:01:25

Health: -1/30      AC:  2    Str: 23    XL:     3   Next: 47%
Magic:  3/3        EV: 12    Int:  6    God:    Trog [*.....]
Gold:   80         SH:  0    Dex: 13    Spells: 2/2 levels left

rFire   . . .      SeeInvis +   a - +0 mace
rCold   . . .      Faith    .   (no shield)
rNeg    . . .      Spirit   .   b - +0 animal skin
rPois   .          Reflect  .   (helmet unavailable)
rElec   .          Harm     .   (no cloak)
rCorr   +          Rampage  .   (no gloves)
Will    .....                   (no boots)
Stlth   +.........              (no amulet)
HPRegen 0.10/turn               g - ring of resist corrosion
MPRegen 0.08/turn               (no ring)

@: attractive
A: permanent stasis, dig shafts and tunnels, antennae 3, four strong arms
a: Dig, Shaft Self, Renounce Religion


You were on level 2 of the Dungeon.
You worshipped Trog.
Trog was aware of your devotion.
You visited 1 branch of the dungeon, and saw 2 of its levels.

You collected 80 gold pieces.

Inventory:

Hand Weapons
 a - a +0 mace (weapon)
Missiles
 d - 5 javelins
Armour
 b - a +0 animal skin (worn)
Jewellery
 g - a ring of resist corrosion (left hand)
Scrolls
 c - 2 scrolls of identify {unknown}
 f - a scroll of teleportation {unknown}
 h - a scroll of enchant weapon {unknown}
 j - a scroll of fog {unknown}


   Skills:
 * Level 3.9 Fighting
 * Level 3.5 Maces & Flails
 - Level 2.1 Armour
 + Level 2.1 Dodging


You had 2 spell levels left.
You didn't know any spells.
Your spell library was empty.

Dungeon Overview and Level Annotations

Branches:
Dungeon (2/15)

Altars:

Shops:
D:1 *


Innate Abilities, Weirdness & Mutations

You cannot be hasted, slowed, berserked, paralysed or teleported.
You can dig through walls and to a lower floor.
You have a pair of large antennae on your head. (SInv)
Your four strong arms can wield two-handed weapons with a shield.


Message History

The adder poisons you! The adder bites you.
* * * LOW HITPOINT WARNING * * *
You miss the adder.
The adder is severely wounded.
You feel sick. The adder bites you but does no damage. The adder misses you.
You hit the adder.
The adder is severely wounded.
You feel sick. The adder closely misses you.
You hit the adder but do no damage.
The adder is severely wounded.
You feel the effects of Trog's Hand fading.
You feel sick. The adder completely misses you. The adder bites you.
* * * LOW HITPOINT WARNING * * *
You miss the adder.
The adder is severely wounded.
You feel sick. The adder closely misses you.
You miss the adder.
The adder is severely wounded.
You feel sick.
You are no longer poisoned.
The adder bites you.
* * * LOW HITPOINT WARNING * * *
The adder bites you but does no damage.
You barely miss the adder.
The adder is severely wounded.
The adder barely misses you. x2
You closely miss the adder.
The adder is severely wounded.
Your skin stops crawling.
You feel less strong-willed. The adder bites you.
* * * LOW HITPOINT WARNING * * *
You completely miss the adder.
The adder is severely wounded.
The adder bites you.
* * * LOW HITPOINT WARNING * * *
The adder misses you.
You closely miss the adder.
The adder is severely wounded.
The adder bites you.
You die...

## . ##. # #.. ..
#.# .. #.#
..######### #S#
#.........# #@#
#.........# #.#
..#.......# ####)#
# #.......# #....#
###)......# #....#
..........# #....#
..........###....#
.##.............)#
###.<.....###....#


You could see an adder.

Vanquished Creatures
  An adder (D:2)
  6 bats
  2 endoplasms
  A giant cockroach (D:1)
  2 goblins
  A hobgoblin (D:2)
  A kobold (D:1)
  4 ball pythons (D:1)
  3 frilled lizards
  5 rats (D:1)
26 creatures vanquished.

Notes
Turn   | Place    | Note
-------+----------+-------------------------------------------
     0 | D:1      | Gabide the Formicid Berserker began the quest for the Orb.
     0 | D:1      | Reached XP level 1. HP: 18/18 MP: 1/1
   389 | D:1      | Found Luifac Xeschu's General Store.
   438 | D:1      | Reached XP level 2. HP: 22/24 MP: 2/2
  1116 | D:1      | Found a faded altar of an unknown god.
  1174 | D:2      | Reached XP level 3. HP: 28/30 MP: 3/3
  1282 | D:2      | Reached ** piety under Trog
  1296 | D:2      | HP: 1/30 [poisoned by an adder]
  1374 | D:2      | HP: 1/30 [adder (2)]
  1387 | D:2      | Slain by an adder

Illustrated notes

Levels and vault maps discovered:
D:1:      nzn_arrival_water_spiral, layout_basic,
          chequers_ecumenical_altar_simple_redux, serial_shops,
          nicolae_shop_competitors_out_of_business, amethyst_killhole
D:2:      layout_rooms

Skill      XL: |  1  2 |
---------------+-------+-----
Dodging        | 2 |  2.1
Fighting       | |  3.9
Maces & Flails | |  3.5
Armour         | |  2.1

Action                   || total
-------------------------++-------
Melee: Mace              ||    94
Invok: Trog's Hand       ||     2
  Use: Potion            ||     3
 Stab: Sleeping          ||     4
Armor: Animal skin       ||    20
Dodge: Dodged            ||    69
